 Dungeon Sprint DCSS version 0.26.0-15-gc6cd9f7 (webtiles) character file.

Game seed: 3547138760332874031

86 Kalegnar the Carver (level 4, 0/42 HPs)
             Began as a Minotaur Fighter on Jan 19, 2021.
             Succumbed to an adder's poison
             ... in the Dungeon (Sprint IX: "|||||||||||||||||||||||||||||").
             The game lasted 00:01:10 (55 turns).

Kalegnar the Carver (Minotaur Fighter)                Turns: 55, Time: 00:01:10

Health: 0/42       AC:  6    Str: 21    XL:     4   Next: 27%
Magic:  3/3        EV:  7    Int:  5    God:
Gold:   0          SH:  9    Dex: 10    Spells: 3/3 levels left

rFire    . . .     SeeInvis .   a - +0 long sword
rCold    . . .     Faith    .   c - +0 kite shield
rNeg     . . .     Spirit   .   b - +0 scale mail
rPois    .         Reflect  .   (helmet restricted)
rElec    .         Harm     .   (no cloak)
rCorr    .         Rampage  .   (no gloves)
Will     .....     NoTele   +   (no boots)
Stlth    ..........             (no amulet)
HPRegen  0.14/turn              (no ring)
MPRegen  0.08/turn              (no ring)

@: lethally poisoned (0 -> -8)
A: retaliatory headbutt, horns 2
a: no special abilities


You were in the Dungeon.
You visited 1 branch

Inventory:

Hand Weapons
 a - a +0 long sword (weapon)
Armour
 b - a +0 scale mail (worn)
 c - a +0 kite shield (worn)
Scrolls
 j - a scroll of blinking
Potions
 d - a potion of might
 f - a potion of heal wounds
 g - a potion of haste
 h - 2 potions of magic
 i - a potion of berserk rage


   Skills:
 + Level 5.1 Fighting
 + Level 9.7 Long Blades
 - Level 3.6 Armour
 - Level 3.6 Shields


You had 3 spell levels left.
You didn't know any spells.
Your spell library was empty.

Dungeon Overview and Level Annotations

Branches:
Dungeon (1/1)

Altars:


Innate Abilities, Weirdness & Mutations

You reflexively headbutt those who attack you in melee.
You have a pair of horns on your head.


Message History

The adder bites you.
* * * LOW HITPOINT WARNING * * *
You are more poisoned.
The adder poisons you!
You slash the adder!
The adder is almost dead.
The adder bites you but does no damage.
Your shield prevents you from hitting the adder.
The adder is almost dead.
You feel sick. You block the adder's attack.
You hit the adder but do no damage. Your headbutt misses the adder.
The adder is almost dead.
You feel sick. The adder bites you.
* * * LOW HITPOINT WARNING * * *
You are more poisoned.
The adder poisons you! The adder bites you but does no damage.
You slash the adder!
You kill the adder!
Your Fighting skill increases to level 5!
You die...

▓.▓
▓.▓
▓)▓
▓†▓
▓.▓
▓.▓
▓.▓
▓.▓
▓@▓
▓.▓
▓.▓
▓.▓
▓.▓
▓.▓
▓+▓


There were no monsters in sight!

Vanquished Creatures
  A scorpion (D)
  A worker ant (D)
  An adder (D)
  A bat (D)
  2 giant cockroaches (D)
  A goblin (D)
  2 hobgoblins (D)
  A frilled lizard (D)
10 creatures vanquished.

Notes
Turn   | Place    | Note
-------+----------+-------------------------------------------
     0 | D        | Kalegnar the Minotaur Fighter began the quest for the Orb.
     0 | D        | Reached XP level 1. HP: 19/19 MP: 0/0
     6 | D        | Reached skill level 3 in Long Blades
     9 | D        | Reached skill level 4 in Long Blades
    16 | D        | Reached skill level 5 in Long Blades
    21 | D        | Noticed a scorpion
    21 | D        | Noticed a worker ant
    37 | D        | Killed a scorpion
    38 | D        | Reached skill level 9 in Long Blades
    38 | D        | Reached XP level 2. HP: 17/26 MP: 1/1
    38 | D        | Reached XP level 3. HP: 20/31 MP: 2/2
    50 | D        | Reached XP level 4. HP: 7/41 MP: 3/3
    53 | D        | HP: 1/41 [adder (4)]
    55 | D        | Reached skill level 5 in Fighting
    55 | D        | Succumbed to an adder's poison

Illustrated notes

Levels and vault maps discovered:
D:        linesprint [early_d, line_temple, items_1, d_10, items_2, lair_1,
          lair_end, items_3, orc_1, orc_end, items_4, d_15, swamp_1, shoals_1,
          snake_1, spider_1, d_20, vaults_1, items_5, swamp_end, shoals_end,
          snake_end, spider_end, vaults_end, d_27, items_6, zot_1, zot_end,
          crypt_end, forest_end, elf_end, slime_end, tomb_end, abyss_end,
          pan_hell_end]

Skill      XL: |  1  2  3  4 |
---------------+-------------+-----
Long Blades    | 9 |  9.7
Fighting       | 4 5 |  5.1
Armour         | |  3.6
Shields        | |  3.6

Action                   |  1- 3 |  4- 6 || total
-------------------------+-------+-------++-------
Melee: Long sword        |    37 |     5 ||    42
       Headbutt          |     4 |       ||     4
  Use: Potion            |     1 |       ||     1
Armor: Scale mail        |     7 |     2 ||     9
Dodge: Dodged            |     7 |       ||     7
Block: Kite shield       |    19 |     2 ||    21
       Rpst.: Long sword |     2 |       ||     2
